 Dungeon Crawl Stone Soup version 0.31-a0-840-g6d2ecbb638 (webtiles) character file.

Game seed: 2208569734492457979

195 BinkBink the Ruffian (level 5, -3/67 HPs)
             Began as a Draconian Shapeshifter on Sept 27, 2023.
             Was an Initiate of Qazlal.
             Killed by an exploding gnoll bouda (8 damage)
             ... ignited by their inner flame
             ... on level 3 of the Dungeon.
             The game lasted 00:04:32 (2282 turns).

BinkBink the Ruffian (Draconian Shapeshifter)       Turns: 2282, Time: 00:04:34

Health: -3/67      AC: 22    Str: 18    XL:     5   Next: 45%
Magic:  5/5        EV:  2    Int: 10    God:    Qazlal [......]
Gold:   57         SH:  0    Dex: 11    Spells: 4/4 levels left

rFire   . .          .
                       - Unarmed
rCold   . . .        (no shield)
rNeg    . . .        (body armour unavailable)
rPois   +            (helmet currently unavailable)
rElec   .            (cloak currently unavailable)
rCorr   .            (gloves currently unavailable)
SInv    .            (boots currently unavailable)
Will    .....        (no amulet)
Stlth   +            (no ring)
HPRegen 0.31/turn    (no ring)
MPRegen 0.09/turn

%: no passive effects
@: mighty, tree-form, weakened, hasted, very quick
A: stationary, stasis, torment immunity, boosted hp, AC +5, unfitting armour,
(cold-blooded)
a: Renounce Religion


You were on level 3 of the Dungeon.
You worshipped Qazlal.
Qazlal was noncommittal.
You were a tree.
You visited 1 branch of the dungeon, and saw 3 of its levels.

You collected 57 gold pieces.

Inventory:

Talismans
 b - a beast talisman
 c - a flux talisman
Wands
 f - a wand of mindburst (5)
 l - a wand of flame (7)
 n - a wand of charming (6)
Scrolls
 d - 2 scrolls of identify
 h - a scroll of revelation
 i - 2 scrolls of vulnerability
Potions
 e - a potion of might
 g - a potion of haste


   Skills:
 + Level 3.1 Fighting
 + Level 3.0 Dodging
 + Level 4.0 Unarmed Combat
 + Level 3.8 Shapeshifting


You had 4 spell levels left.
You didn't know any spells.
Your spell library was empty.

Dungeon Overview and Level Annotations

Branches:
Dungeon (3/15)

Altars:
Qazlal


Innate Abilities, Weirdness & Mutations

You are a tree.
Your roots penetrate the ground, keeping you stationary.
You cannot be teleported.
You are immune to unholy pain and torment.
Your maximum health is greatly increased.
Your equipment is partially melded.
((Your plain brown scales are hard. (AC +5)))
You cannot fit into any form of body armour.
((You are cold-blooded and may be slowed by cold attacks.))


Message History

h - a scroll of revelation Unknown command.
As you read the scroll of identify, it crumbles to dust.
i - 2 scrolls of vulnerability Unknown command.
As you read the scroll labelled IMISMO KUUSIU, it dissolves into smoke.
It was a scroll of fog.
The gnoll bouda gazes fiercely through you!
You feel your attacks grow feeble.
As you read the scroll labelled DOOSHO RASILE, it crumbles to dust.
Wisps of shadow whirl around you...
It was a scroll of summoning.
Something hits your bat.
Your bat dies!
Your bat's corpse dissolves into shadows!
As you read the scroll labelled VILECO KODUA, it crumbles to dust.
You cannot blink because you are held in place by your roots.
It was a scroll of blinking.
The gnoll bouda hits you but does no damage.
As you read the scroll labelled VEGEBL OKIU, it crumbles to dust.
The creatures around you are filled with an inner flame!
It was a scroll of immolation.
The gnoll bouda barks out a call to the hunt!
The gnoll picks up the pace!
Nothing appears to happen.
As you read the scroll labelled NUP OTZEXIUMME, it crumbles to dust.
It was a scroll of poison.
The gnoll hits you but does no damage.
Okay, then.
You smack the gnoll bouda!
Flame seeps out of the gnoll bouda.
Your punch misses the gnoll bouda.
The gnoll bouda is severely wounded.
The gnoll bouda hits you with a +0 whip.
* * * LOW HITPOINT WARNING * * *
You smack the gnoll bouda!
Qazlal accepts your kill.
The gnoll bouda explodes!
The fiery explosion engulfs the gnoll!
You kill the gnoll!
Qazlal accepts your kill. The fiery explosion engulfs you!
You die...

###.# #...# ### #...# ##+# ..#
#...# ##...## #.# ##.##
##.....## ### #.# #.##
##.......## ##§###.# ###.#.
#.........####§§.##.#####.....
+........o§§§♣o§..............
#........o####g§.##.#####†#...
#.......## ##§###.# #.#.#.
##.....## ### #.# #.#.##
##..g## #.# #.#.## ##o## ..#
#.#.## #.# ### #.#.## #.#
#..... #######.##### ###...


You could see a friendly orc (summoned, inner flame) and a friendly goblin
(summoned, inner flame).

Vanquished Creatures
  A howler monkey (D:3)
  A gnoll bouda (D:3)
  Jessica (D:2)
  4 adders
  2 gnolls (D:3)
  2 worms (D:2)
  An orc (D:3)
  5 bats
  9 endoplasms
  3 giant cockroaches (D:3)
  2 goblins
  5 hobgoblins
  16 jackals
  4 kobolds
  4 quokkas
  4 ball pythons
  4 frilled lizards
  7 rats
75 creatures vanquished.

Notes
Turn   | Place    | Note
-------+----------+-------------------------------------------
     0 | D:1      | BinkBink the Draconian Shapeshifter began the quest for the
                  | Orb.
     0 | D:1      | Reached XP level 1. HP: 16/16 MP: 1/1
   128 | D:1      | Reached XP level 2. HP: 21/23 MP: 2/2
   622 | D:1      | Reached XP level 3. HP: 27/29 MP: 3/3
  1102 | D:2      | Found a faded altar of an unknown god.
  1204 | D:2      | Reached XP level 4. HP: 34/37 MP: 4/4
  1422 | D:2      | Noticed Jessica
  1428 | D:2      | Killed Jessica
  1889 | D:3      | Found a stormy altar of Qazlal.
  1916 | D:3      | Reached XP level 5. HP: 34/44 MP: 5/5
  1922 | D:3      | Became a worshipper of Qazlal Stormbringer
  2131 | D:3      | Reached skill level 4 in Unarmed Combat
  2232 | D:3      | Noticed an ogre
  2282 | D:3      | Killed by an exploding gnoll bouda... ignited by their
                  | inner flame

Illustrated notes

Levels and vault maps discovered:
D:1:      lightli_arrival_lavapool, layout_basic, feat_on_display
D:2:      layout_basic, serial_glass, glass_columns_b, glass_columns_b,
          dreamdust_ecumenical_altar_statues, uniq_jessica
D:3:      lemuel_castle_with_subvaults [lemuel_castle_interior_carwin_3],
          layout_loops_corners, lemuel_doored_altar

Skill      XL: |  1  2  3  4  5 |
---------------+----------------+-----
Dodging        | 2 3 |  3.0
Fighting       | 2 3 |  3.1
Unarmed Combat | 4 |  4.0
Shapeshifting  | |  3.8

Action                     |  1- 3 |  4- 6 || total
---------------------------+-------+-------++-------
  Melee: Unarmed           |   122 |   116 ||   238
         Tailslap          |     9 |     9 ||    18
         Punch             |     1 |     3 ||     4
    Use: Scroll            |       |     7 ||     7
         Potion            |       |     3 ||     3
   Stab: Sleeping          |     2 |     1 ||     3
 Armour: Skin              |    55 |    59 ||   114
  Dodge: Dodged            |    74 |    79 ||   153

Table legend: (Time is in decaauts)
 A = Elapsed time spent in this place.
 B = Non-inter-level travel time spent in this place.
 C = Inter-level travel time spent in this place.
 D = Time resting spent in this place.
 E = Time spent auto-exploring this place.
 F = Levels seen in this place.
 G = Mean time per level.
                   A        B        C        D        E       F      G
               +--------+--------+--------+--------+--------+-----+--------+
         Total |   2269 |   2232 |     37 |      0 |   1713 |   3 |  756.3 |
       Dungeon |   2269 |   2232 |     37 |      0 |   1713 |   3 |  756.3 |
               +--------+--------+--------+--------+--------+-----+--------+

Top non-repeatable levels by time:
     D:3: 811 daAuts
     D:2: 742 daAuts
     D:1: 715 daAuts
